 Dungeon Crawl Stone Soup version 0.21-a0-258-g4c0eb85 (webtiles) character file.

9 polean the Bolt Thrower (level 2, 0/21 HPs)
             Began as a Human Wanderer on Sept 6, 2017.
             Slain by a frilled lizard (1 damage)
             ... on level 1 of the Dungeon.
             The game lasted 00:01:26 (257 turns).

polean the Bolt Thrower (Human Wanderer)             Turns: 257, Time: 00:01:27

Health: 0/21       AC:  5    Str: 10    XL:     2   Next: 25%
Magic:  2/2        EV:  9    Int: 13    God:
Gold:   19         SH:  0    Dex: 13    Spells: 1/1 levels left

rFire    . . .     SeeInvis .   b - +0 mace
rCold    . . .     Gourm    .   (no shield)
rNeg     . . .     Faith    .   c - +0 ring mail
rPois    .         Spirit   .   (no helmet)
rElec    .         Reflect  .   (no cloak)
rCorr    .         Harm     .   (no gloves)
MR       .....                  (no boots)
Stlth    +.........             (no amulet)
HPRegen  0.07/turn              (no ring)
MPRegen  0.08/turn              (no ring)

@: no status effects
A: no striking features
a: no special abilities


You were on level 1 of the Dungeon.
You were not hungry.

You visited 1 branch of the dungeon, and saw 1 of its levels.

You collected 19 gold pieces.

Inventory:

Hand Weapons
 a - a +2 hand crossbow
 b - a +0 mace (weapon)
Missiles
 e - 26 bolts
 h - 5 stones (quivered)
 i - 17 arrows
Armour
 c - a +0 ring mail (worn)
Potions
 d - a potion of lignification
Comestibles
 f - a bread ration
 g - a chunk of flesh


   Skills:
 + Level 1.0 Fighting
   Level 1.0 Bows
 + Level 4.4 Crossbows
 + Level 2.1 Armour
 + Level 1.0 Stealth
   Level 1.0 Shields


You had one spell level left.
You didn't know any spells.

Dungeon Overview and Level Annotations

Branches:
Dungeon (1/15)

Altars:


Message History

The frilled lizard misses you. The goblin hits you.
* * * LOW HITPOINT WARNING * * *
You miss the frilled lizard.
The goblin hits you but does no damage. x2
The frilled lizard bites you but does no damage.
The goblin barely misses you.
Some of the chunks of flesh in your inventory have rotted away.
You miss the frilled lizard. The goblin closely misses you. x2
The frilled lizard bites you but does no damage.
The goblin closely misses you.
The goblin hits you but does no damage. x2
The frilled lizard barely misses you.
You miss the frilled lizard. The goblin closely misses you.
The goblin hits you but does no damage. The frilled lizard bites you.
* * * LOW HITPOINT WARNING * * *
The goblin hits you but does no damage. The goblin hits you.
* * * LOW HITPOINT WARNING * * *
You hit the frilled lizard but do no damage.
The goblin hits you with a dagger.
* * * LOW HITPOINT WARNING * * *
The frilled lizard bites you.
You die...

.## ... ..# ..#...#. .##
#.#.$.#...#...#..
...##...#...#...#...# #
....#...#...#...#. #.
###.....#...#...#.. #...
... ..#...#...#g..#...#
#.% #...#...#..l#g..# ..#
#.#...#...#.@g#
.####...#...#...#g(.#
.###..#...#...#...#...#
.....#..#.รท.#...#...#..[
.#####....#...#...#...#.
...##..###..#...#...#.
.#....## ##...#...#..
.#..### ......#....#
.##.#####.....##.#..


You could see 4 goblins and a frilled lizard.

Vanquished Creatures
  A giant cockroach (D:1)
  A goblin (D:1)
  2 hobgoblins (D:1)
  3 bats (D:1)
  A kobold (D:1)
  A rat (D:1)
9 creatures vanquished.

Notes
Turn   | Place    | Note
-------+----------+-------------------------------------------
     0 | D:1      | polean the Human Wanderer began the quest for the Orb.
     0 | D:1      | polean set off with: a +2 hand crossbow, 29 bolts, a +0 ring mail, a potion of lignification, a bread ration
     0 | D:1      | Reached XP level 1. HP: 15/15 MP: 1/1
   210 | D:1      | Reached XP level 2. HP: 21/21 MP: 2/2
   257 | D:1      | HP: 1/21 [goblin/dagger (1)]
   257 | D:1      | Slain by a frilled lizard

Vault maps used:
D:1:      dpeg_arrival_chambers_temple_mockup, hex_large

Action                   || total
-------------------------++-------
Melee: Mace              ||    20
 Fire: Hand crossbow     ||     8
  Use: Scroll            ||     2
Armor: Ring mail         ||    31
Dodge: Dodged            ||    19

Table legend:
 A = Spawn XP
 B = Non-spawn XP
 C = Spawn XP percentage of total XP
 D = Spawn monster count
 E = Non-spawn monster count
 F = Spawn count percentage of total count
 G = Total turns spent on level
                    A         B        C        D         E        F      G
               +---------+---------+-------+---------+---------+-------+---------
         Total |       0 |      14 |   0.0 |       0 |       9 |   0.0 |   257
               +---------+---------+-------+---------+---------+-------+---------
           D:1 |       0 |      14 |   0.0 |       0 |       9 |   0.0 |   257
               +---------+---------+-------+---------+---------+-------+---------
